 Dungeon Crawl Stone Soup version 0.26.1-10-gdfb7c7de75 (webtiles) character file.

Game seed: 1842660835492499930

450 tardwrangler69 the Skirmisher (level 7, -6/39 HPs)
             Began as a Vine Stalker Fighter on Apr 10, 2021.
             Mangled by an ogre
             ... wielding a +0 giant club
              (23 damage)
             ... on level 4 of the Dungeon.
             The game lasted 00:03:23 (2834 turns).

tardwrangler69 the Skirmisher (VSFi)                Turns: 2834, Time: 00:03:24

Health: -6/39      AC:  9    Str: 23    XL:     7   Next: 4%
Magic:  0/8        EV:  7    Int:  8    God:
Gold:   229        SH:  9    Dex: 13    Spells: 6/6 levels left

rFire    . . .     SeeInvis +   a - +0 rapier
rCold    . . .     Faith    .   c - +0 kite shield
rNeg     . . .     Spirit   +   z - +1 scale mail of Lugonu's Felicitations {Str+2}
rPois    .         Reflect  .   t - +2 hat {SInv}
rElec    .         Harm     .   (no cloak)
rCorr    .         Rampage  .   (no gloves)
Will     +....                  (no boots)
Stlth    ..........             (no amulet)
HPRegen  0.53/turn              y - ring of willpower
MPRegen  0.11/turn              (no ring)

@: no status effects
A: fangs 2, regeneration 1, magic shield, antimagic bite, no potion heal 3
a: no special abilities


You were on level 4 of the Dungeon.
You visited 1 branch of the dungeon, and saw 4 of its levels.

You collected 229 gold pieces.

Inventory:

Hand Weapons
 a - a +0 rapier (weapon)
Armour
 c - a +0 kite shield (worn)
 t - a +2 hat of see invisible (worn)
 z - the +1 scale mail of Lugonu's Felicitations (worn) {Str+2}
   (You found it on level 4 of the Dungeon)

   It affects your strength (+2).
Jewellery
 y - a ring of willpower (left hand)
Wands
 p - a wand of acid (4)
 u - a wand of iceblast (29)
Scrolls
 e - 3 scrolls of blinking {unknown}
 j - 3 scrolls of fog {unknown}
 l - 4 scrolls of enchant armour {unknown}
 m - a scroll of magic mapping {unknown}
 n - 3 scrolls of teleportation {unknown}
 o - 3 scrolls of enchant weapon {unknown}
 q - 2 scrolls of fear {unknown}
 s - 5 scrolls of identify {unknown}
 x - a scroll of noise {unknown}
Potions
 b - a potion of cancellation {unknown}
 d - a potion of might
 f - a potion of heal wounds {unknown}
 g - a potion of lignification {unknown}
 h - 2 potions of curing {unknown}
 i - 3 potions of magic {unknown}
 k - a potion of mutation {unknown}
 r - a potion of haste {unknown}
 v - a potion of flight {unknown}
 w - 2 potions of resistance {unknown}


   Skills:
 + Level 5.3 Fighting
 + Level 4.8 Short Blades
 - Level 2.4 Armour
 - Level 2.6 Shields


You had 6 spell levels left.
You didn't know any spells.
Your spell library was empty.

Dungeon Overview and Level Annotations

Branches:
Dungeon (4/15)
 Temple: D:4-7

Altars:
Xom

Annotations:
D:3 2 runed translucent doors, oldmanjim's ghost, amateur DrTm


Innate Abilities, Weirdness & Mutations

You have extremely sharp teeth.
Your natural rate of healing is unusually fast.
When hurt, damage is shared between your health and your magic reserves.
Your bite disrupts and absorbs the magic of your enemies.
Potions cannot restore your health.


Message History

You drain its magic.
You feel invigorated.
The orc wizard is heavily wounded.
You block the orc wizard's attack. The orc completely misses you.
You hit the orc wizard. You bite the orc wizard.
You kill the orc wizard!
The ogre hits you with a +0 giant club!!
Ouch! That really hurt!
You have reached level 7!
Found a shiny plate armour.
Things that are here:
a +0 dagger; a +0 robe; a +0 dagger of draining You puncture the orc!
You kill the orc!
An orc comes into view. It is wielding a +0 hand axe.
You puncture the ogre! You bite the ogre! You drain its power.
You feel invigorated.
The ogre is severely wounded.
The ogre hits you with a +0 giant club!!
Ouch! That really hurt!
You die...

g.#≈≈....# ..#≈≈P...#
# ###≈≈....# .##
#.≈≈≈....#$ # #..
#.≈≈≈..P.#.. #.#.#
#.≈≈≈....#... [#.#
#.≈≈≈....#... ## ⌠?#
#.≈≈≈....#...##.#!#
#.≈≈≈....#...#.#@#
#.≈≈≈....#....#O##
#.≈≈≈....#..#.o#####..
###≈≈P...#....o......#
#≈≈....#....o#.#.###
#≈≈....###...#...
###≈≈....#...### #.o.
≈≈≈≈≈....#....## ...o
≈≈≈≈≈....#.....#.....#


You could see an ogre and 2 orcs.

Vanquished Creatures
  A scorpion (D:4)
  A bullfrog skeleton (D:4)
  An orc wizard (D:4)
  A worker ant (D:4)
  7 gnolls
  13 adders
  An ooze (D:1)
  2 worms
  2 dart slugs
  2 leopard geckos
  6 orcs
  6 ball pythons (D:3)
  4 giant cockroaches
  15 goblins
  7 hobgoblins
  27 jackals
  A quokka (D:2)
  7 bats
  3 frilled lizards
  5 kobolds
  8 rats
120 creatures vanquished.

Notes
Turn   | Place    | Note
-------+----------+-------------------------------------------
     0 | D:1      | tardwrangler69 the Vine Stalker Fighter began the quest for
                  | the Orb.
     0 | D:1      | Reached XP level 1. HP: 11/11 MP: 2/2
   342 | D:1      | Reached XP level 2. HP: 15/16 MP: 3/3
   346 | D:1      | Reached skill level 3 in Fighting
   558 | D:1      | Reached XP level 3. HP: 17/20 MP: 4/4
  1236 | D:2      | Gained mutation: Your natural rate of healing is unusually
                  | fast. [Vine Stalker growth]
  1236 | D:2      | Reached XP level 4. HP: 16/25 MP: 5/5
  1594 | D:2      | Reached skill level 4 in Fighting
  1594 | D:2      | Reached XP level 5. HP: 27/29 MP: 6/6
  1690 | D:3      | Found a large runed translucent door.
  1691 | D:3      | Found a large runed translucent door.
  1693 | D:3      | Noticed oldmanjim's ghost (amateur DrTm)
  2056 | D:3      | Found a shimmering altar of Xom.
  2059 | D:3      | Reached XP level 6. HP: 34/34 MP: 7/7
  2454 | D:4      | Got a slimy scale mail
  2465 | D:4      | Identified the +1 scale mail of Lugonu's Felicitations
                  | {Str+2} (You found it on level 4 of the Dungeon)
  2583 | D:4      | Reached skill level 5 in Fighting
  2832 | D:4      | Reached XP level 7. HP: 15/39 MP: 3/8
  2834 | D:4      | Mangled by an ogre

Illustrated notes

Levels and vault maps discovered:
D:1:      dpeg_arrival_round_c, layout_basic, minmay_misc_feat_encased
D:2:      layout_rooms
D:3:      layout_basic, tgw_xom, ebering_ghost_disaster_area,
          minmay_snake_closets
D:4:      lemuel_castle_with_subvaults [lemuel_castle_interior_carwin_3],
          layout_cave_pools, minmay_circle_x, uniq_crazy_yiuf_cottage

Skill      XL: |  1  2  3  4  5  6 |
---------------+-------------------+-----
Short Blades   | 2 3 4 |  4.8
Fighting       | 3 4 5 |  5.3
Armour         | |  2.4
Shields        | |  2.6

Action                   |  1- 3 |  4- 6 |  7- 9 || total
-------------------------+-------+-------+-------++-------
Melee: Rapier            |   123 |   274 |     2 ||   399
       Bite              |    28 |    68 |     1 ||    97
Armor: Scale mail        |    57 |   114 |       ||   171
Dodge: Dodged            |    27 |    78 |       ||   105
Block: Kite shield       |    63 |   138 |       ||   201
